 Dungeon Crawl Stone Soup version 0.28-a0-612-gcfc00ec14d (webtiles) character file.

Game seed: 10653629183636097727

39 siradein the Sneak (level 3, -1/26 HPs)
             Began as a Draconian Enchanter on Oct 6, 2021.
             Succumbed to an adder's poison
             ... on level 2 of the Dungeon.
             The game lasted 00:03:27 (1476 turns).

siradein the Sneak (Draconian Enchanter)            Turns: 1476, Time: 00:03:27

Health: -1/26      AC:  5    Str: 10    XL:     3   Next: 26%
Magic:  1/6        EV: 16    Int: 16    God:
Gold:   48         SH:  0    Dex: 11    Spells: 4/6 levels left

rFire   . . .      SeeInvis .   a - +1 dagger
rCold   . . .      Faith    .   (no shield)
rNeg    . . .      Spirit   .   (armour unavailable)
rPois   .          Reflect  .   (helmet restricted)
rElec   .          Harm     .   (no cloak)
rCorr   .          Rampage  .   (no gloves)
Will    .....                   (no boots)
Stlth   ++........              (no amulet)
HPRegen 0.08/turn               f - +4 ring of evasion
MPRegen 0.10/turn               (no ring)

@: lethally poisoned (-1 -> -8)
A: AC +5, unfitting armour, cold-blooded
a: no special abilities


You were on level 2 of the Dungeon.
You visited 1 branch of the dungeon, and saw 2 of its levels.

You collected 48 gold pieces.

Inventory:

Hand Weapons
 a - a +1 dagger (weapon)
 c - a +0 hunting sling
Missiles
 d - 96 stones
 l - 11 sling bullets
 m - 3 boomerangs
Magical Staves
 k - a staff of earth
Jewellery
 f - a +4 ring of evasion (left hand)
Scrolls
 g - 2 scrolls of silence {unknown}
 i - a scroll of blinking {unknown}
 j - a scroll of fog {unknown}
Potions
 b - a potion of invisibility
 e - a potion of attraction {unknown}
 h - a potion of flight {unknown}


   Skills:
 + Level 1.6 Short Blades
 + Level 2.1 Dodging
 + Level 3.0 Stealth
 + Level 2.3 Spellcasting
 + Level 3.0 Hexes


You had 4 spell levels left.
You knew the following spells:

 Your Spells              Type           Power      Damage    Failure   Level
a - Ensorcelled Hibernat  Hex/Ice        12%        N/A       16%         2

Your spell library contained the following spells:

 Spells                   Type           Power      Damage    Failure   Level
 Confusing Touch          Hex            11%        N/A       17%         3
 Tukima's Dance           Hex            11%        N/A       17%         3
 Magic Dart               Conj           4%         1d3       21%         1
 Call Imp                 Summ           1%         N/A       30%         2
 Dazzling Flash           Conj/Hex       12%        N/A       32%         3
 Mephitic Cloud           Conj/Pois/Air  1%         N/A       52%         3


Dungeon Overview and Level Annotations

Branches:
Dungeon (2/15)

Altars:


Innate Abilities, Weirdness & Mutations

Your plain brown scales are hard. (AC +5)
You cannot fit into any form of body armour.
You are cold-blooded and may be slowed by cold attacks.


Message History

The adder bites you.
You are poisoned.
The adder poisons you! The ball python closely misses you.
The ball python grabs you. The ball python constricts you.
The adder misses you.
Aiming: Ensorcelled Hibernation (safe; 16% risk of failure)
Press: ? - help, Q - select action, (/) - cycle Shift-Dir - straight line, f/p - adder
Aim: an adder (chance to affect: 47%)
The adder looks drowsy...
You feel sick. The ball python bites you. The ball python constricts you.
The adder completely misses you.
You hit the ball python.
You kill the ball python!
You feel sick.
The adder bites you but does no damage. x3
You closely miss the adder.
Your tail-slap misses the adder.
You feel sick. The adder bites you but does no damage. The adder bites you.
Aiming: Ensorcelled Hibernation (safe; 16% risk of failure)
Press: ? - help, Q - select action, (/) - cycle Shift-Dir - straight line, f - adder, p - adder
Aim: an adder (chance to affect: 47%)
The adder resists with some effort.
You feel sick. The adder bites you.
You are more poisoned.
The adder poisons you! The adder misses you. The adder bites you.
You don't have enough magic to cast this spell.
You don't have enough magic to cast this spell.
Unknown command.
You feel sick. The adder misses you.
You feel sick. The adder misses you.
You feel sick.
You feel sick. The adder barely misses you.
You feel sick. The adder bites you.
* * * LOW HITPOINT WARNING * * *
You feel sick.
You feel sick.
You are no longer poisoned.
The adder bites you.
* * * LOW HITPOINT WARNING * * *
You are lethally poisoned!
The adder poisons you!
You die...

#....# #....#
###....#
###......###### .
#......>....... ..
#..)..S..######.#.
#.....S..# .......
#...###.## .......
#...###@###.?.....
#.....#...........
#.....#.######....
#.....#.######. .
###.....#........
#...........####.
## #..†........#
#. #...........#
#. #...........#
#.


You could see 2 adders.

Vanquished Creatures
  A worm (D:2)
  2 dart slugs (D:1)
  6 bats
  2 endoplasms
  3 hobgoblins
  2 jackals (D:1)
  2 quokkas (D:1)
  2 ball pythons
  2 frilled lizards
  6 kobolds
  4 rats
32 creatures vanquished.

Notes
Turn   | Place    | Note
-------+----------+-------------------------------------------
     0 | D:1      | siradein the Draconian Enchanter began the quest for the
                  | Orb.
     0 | D:1      | Reached XP level 1. HP: 14/14 MP: 3/3
   273 | D:1      | Reached XP level 2. HP: 20/20 MP: 5/5
   352 | D:1      | Found a faded altar of an unknown god.
   603 | D:1      | Learned a level 2 spell: Ensorcelled Hibernation
   983 | D:2      | Reached XP level 3. HP: 25/26 MP: 6/6
  1475 | D:2      | HP: 1/26 [adder (1)]
  1476 | D:2      | Succumbed to an adder's poison

Illustrated notes

Levels and vault maps discovered:
D:1:      grunt_arrival_crossed_arrows, layout_rooms, basic_ecumenical_altar,
          minmay_strange_pillars, chequers_serial_rivers_micro_e
D:2:      layout_basic, uniq_sigmund, uniq_crazy_yiuf_cottage

Skill      XL: |  1  2 |
---------------+-------+-----
Dodging        | 2 |  2.1
Stealth        | 3 |  3.0
Hexes          | 3 |  3.0
Short Blades   | |  1.6
Spellcasting   | |  2.3

Action                   || total
-------------------------++-------
Melee: Dagger            ||   135
       Tailslap          ||     9
Throw: Stone             ||     1
 Cast: Ensorcelled Hiber ||     6
 Stab: Sleeping          ||     6
Armor: Skin              ||    40
Dodge: Dodged            ||   109

Table legend: (Time is in decaauts)
 A = Elapsed time spent in this place.
 B = Non-inter-level travel time spent in this place.
 C = Inter-level travel time spent in this place.
 D = Time resting spent in this place.
 E = Time spent auto-exploring this place.
 F = Levels seen in this place.
 G = Mean time per level.
                   A        B        C        D        E       F      G
               +--------+--------+--------+--------+--------+-----+--------+
         Total |   1467 |   1458 |      9 |    149 |    973 |   2 |  733.5 |
       Dungeon |   1467 |   1458 |      9 |    149 |    973 |   2 |  733.5 |
               +--------+--------+--------+--------+--------+-----+--------+

Top non-repeatable levels by time:
     D:1: 860 daAuts
     D:2: 607 daAuts
